 Dungeon Crawl Stone Soup version 0.30.0-29-ga12c61a403 (webtiles) character file.

Game seed: 3690357107168285614

43 KamiKatze the Shield-Bearer (level 3, -3/15 (20) HPs)
             Began as a Vine Stalker Fighter on June 5, 2023.
             Slain by Terence
             ... wielding the +7 Throatcutter {drain, coup de grace}
              (9 damage)
             ... on level 2 of the Dungeon.
             The game lasted 00:02:13 (573 turns).

KamiKatze the Shield-Bearer (Vine Stalker Fighter)   Turns: 573, Time: 00:02:14

HP:   -3/15 (20)    AC:  6    Str: 20    XL:     3   Next: 58%
MP:   0/4           EV:  6    Int:  8    God:
Gold: 30            SH:  4    Dex: 13    Spells: 2/2 levels left

rFire   . . .        a - +0 war axe
rCold   . . .        c - +0 buckler
rNeg    . . .        b - +0 scale mail
rPois   .            (no helmet)
rElec   .            (no cloak)
rCorr   .            (no gloves)
SInv    .            (no boots)
Will    .....        (no amulet) Stlth
                     (no ring)
HPRegen 0.22/turn    (no ring)
MPRegen 0.09/turn

%: guardian spirit
@: constricted, very heavily drained
A: fangs 2, magic shield, antimagic bite, no potion heal 2
a: no special abilities


You were on level 2 of the Dungeon.
You visited 1 branch of the dungeon, and saw 2 of its levels.

You collected 30 gold pieces.

Inventory:

Hand Weapons
 a - a +0 war axe (weapon)
 n - a +0 battleaxe
Armour
 b - a +0 scale mail (worn)
 c - a +0 buckler (worn)
 l - a +0 chain mail
Jewellery
 m - a +4 ring of protection
Scrolls
 e - a scroll of immolation {unknown}
 f - a scroll of enchant armour {unknown}
 i - a scroll of fear {unknown}
 j - 4 scrolls of identify {unknown}
 k - a scroll of amnesia {unknown}
 o - a scroll of summoning {unknown}
Potions
 d - a potion of might
 g - 2 potions of heal wounds {unknown}
 h - a potion of lignification {unknown}


   Skills:
 + Level 3.0 Fighting
 * Level 2.3 Axes
 + Level 2.5 Armour
 + Level 0.7 Dodging
 * Level 3.1 Shields


You had 2 spell levels left.
You didn't know any spells.
Your spell library contained the following spells:

 Spells                   Type           Power      Damage    Failure   Level
 Freeze                   Ice            0%         1d3       83%         1
 Frozen Ramparts          Ice            0%         1d1       99%         3
 Hailstorm                Conj/Ice       0%         3d3       99%         3


Dungeon Overview and Level Annotations

Branches:
Dungeon (2/15)

Altars:

Annotations:
D:2 Terence


Innate Abilities, Weirdness & Mutations

You have extremely sharp teeth.
When hurt, damage is shared between your health and your magic reserves.
Your bite disrupts and absorbs the magic of your enemies.
Potions cannot restore your health.


Message History

Terence hits you with the +7 Throatcutter {drain, coup de grace}.
You feel drained.
You hit Terence. You bite Terence, but do no damage.
Terence is heavily wounded.
You hit the hobgoblin. You hit the rat. You block Terence's attack.
The rat barely misses you. The hobgoblin barely misses you.
You block the ball python's attack. The ball python barely misses you.
The hobgoblin hits you but does no damage.
The rat bites you but does no damage.
Terence hits you with the +7 Throatcutter {drain, coup de grace}.
You feel drained.
You hit Terence. You bite Terence, but do no damage.
Terence is severely wounded.
You closely miss the ball python. You barely miss the hobgoblin.
You hit the rat but do no damage. You block the ball python's attack.
The ball python barely misses you. The rat bites you but does no damage.
Terence hits you with the +7 Throatcutter {drain, coup de grace}!
You feel drained.
* * * LOW HITPOINT WARNING * * *
The hobgoblin barely misses you.
The ball python bites you but does no damage.
The ball python barely misses you.
You are too injured to fight recklessly!
You are too injured to fight recklessly!
Unknown command.
You are too injured to fight recklessly!
You are too injured to fight recklessly!
You hit Terence. You bite Terence. You drain his power.
You feel invigorated.
Terence is almost dead.
You closely miss the ball python. You hit the hobgoblin. You hit the rat.
You kill the rat!
Terence barely misses you.
The hobgoblin hits you but does no damage.
The ball python bites you but does no damage.
The ball python grabs you. The ball python constricts you.
* * * LOW HITPOINT WARNING * * *
The hobgoblin hits you.
Terence hits you with the +7 Throatcutter {drain, coup de grace}!
Ouch! That really hurt!
You die...

.. # ... .. ....
#. #####....
##..## #........
#.....##........
#
......†.S.......
+ #.....@@g####
# #.....##....##
# #..=. ####..##
# #### ##.)###
###### #....#
#.....
#....###.####
#.....# .# #
#####.##.# #
#.....# #


You could see Terence, a hobgoblin and a ball python.

Vanquished Creatures
  An adder (D:2)
  A dart slug (D:1)
  2 endoplasms (D:1)
  3 goblins
  7 jackals (D:1)
  4 quokkas
  A ball python (D:1)
  A bat (D:2)
  6 frilled lizards
  2 kobolds (D:1)
  3 rats (D:2)
31 creatures vanquished.

Notes
Turn   | Place    | Note
-------+----------+-------------------------------------------
     0 | D:1      | KamiKatze the Vine Stalker Fighter began the quest for the
                  | Orb.
     0 | D:1      | Reached XP level 1. HP: 11/11 MP: 2/2
    76 | D:1      | Reached XP level 2. HP: 14/16 MP: 3/3
   315 | D:1      | Reached XP level 3. HP: 16/19 MP: 2/4
   566 | D:2      | Noticed Terence
   573 | D:2      | Slain by Terence

Illustrated notes

Levels and vault maps discovered:
D:1:      dpeg_arrival_more_subterranean_lakeside_camping, layout_basic
D:2:      layout_basic, uniq_terence

Skill      XL: |  1  2  3 |
---------------+----------+-----
Axes           | 2 |  2.3
Shields        | 3 |  3.1
Fighting       | 3 |  3.0
Armour         | |  2.5
Dodging        | |  0.7

Action                     || total
---------------------------++-------
  Melee: War axe           ||    64
         Bite              ||    17
 Armour: Scale mail        ||    45
  Dodge: Dodged            ||    44
  Block: Buckler           ||    20
